Cogmind - Beta 14 @@@ ROGUE MODE // 2024.10.12 @ 16:11:24 Player: Tereza Result: Destroyed by H-88 Terminator with KE Penetrator Performance ------------- Evolutions (9) 4500 Regions Visited (17) 3400 Robots Destroyed (103) 515 Value Destroyed (3410) 3410 Prototype IDs (5) 100 Alien Tech Used (0) 0 Bonus (3065) 3065 TOTAL SCORE: 14990 Bonus ------- High Alert Combat Kills 65 Met Warlord at Base 500 MAIN.C Attacked Warlord 500 Warlord Defense Kills 134 Met Warlord at Research 2000 Friendly Fire -134 Cogmind --------- Core Integrity 0/1600 Matter 290/300 Energy 100/100 System Corruption 1% Temperature Cool (0) Movement Hovering (60) Location -1/Access Parts ------- > --- POWER (1) -------- (None) > --- PROPULSION (6) --- Antigrav Array > --- UTILITY (16) ----- Advanced Visual Processing Unit Advanced Targeting Computer Advanced Targeting Computer Experimental Core Analyzer Hacking Suite Improved System Shield > --- WEAPON (2) ------- (None) > --- INVENTORY (5) ---- Quantum Reactor Advanced Signal Interpreter Peak State ------------ > --- POWER ------------ Neutrino Core > --- PROPULSION ------- Advanced Heavy Siege Treads Advanced Heavy Siege Treads > --- UTILITY ---------- Advanced Heat Sink High-capacity Storage Unit Advanced Signal Interpreter Advanced Targeting Computer Advanced Targeting Computer Advanced Targeting Computer Advanced Targeting Computer Advanced Targeting Computer Experimental Targeting Computer Experimental Core Analyzer Experimental Reaction Control System Improved Medium Armor Plating Hacking Suite Hacking Suite > --- WEAPON ----------- Enhanced Quantum Rifle KE Penetrator > --- INVENTORY -------- Medium Treads Medium Treads Advanced Medium Treads Advanced Medium Treads Advanced Heavy Siege Treads Advanced Heavy Siege Treads Impulse Thruster Array Impulse Thruster Array Impulse Thruster Array Large Storage Unit Advanced Visual Processing Unit Advanced Signal Interpreter Heavy Laser Heavy Machine Gun [Rating: 131] Favorites ----------- Power Light Nuclear Core Engine Light Ion Engine Power Core Light Nuclear Core Reactor Particle Reactor Propulsion Light Treads Treads Light Treads Leg Flexi-carbon Leg Hover Unit Improved Antigrav System Flight Unit Nuclear Pulse Thruster Utility Advanced Targeting Computer Device Advanced Sensor Array Storage Small Storage Unit Processor Advanced Targeting Computer Hackware Hacking Suite Protection Hardened Light Armor Plating Weapon Improved Light Cannon Energy Gun Beam Rifle Energy Cannon Compact HERF Cannon Ballistic Gun Light Assault Rifle Ballistic Cannon Improved Light Cannon Launcher Micro-nuke Launcher Special Weapon Improved Remote Datajack Build | -11 -10 -9 -9 -8 -7 -6 -5 -5 -5 -5 -5 -5 -4 -4 -3 -2 -1 ------- Run | Yrd Mat Mat Min Mat Fac Fac Fac Was Fac Upp Upp War Pro Fac Res Res Acc Slots Evolved 18 | . . 2 . 2 2 2 2 . . . . . . 2 2 2 2 Power . | . . . . . . . . . . . . . . . . . . Propulsion 4 | . . . . . . . 1 . . . . . . . 1 . 2 Utility 14 | . . 2 . 2 2 2 1 . . . . . . 2 1 2 . Weapon . | . . . . . . . . . . . . . . . . . . Parts Attached 170 | 6 2 15 2 32 2 12 2 2 5 . 2 . 9 27 5 42 5 Power 17 | 1 . 2 1 2 . 2 1 . 2 . . . 1 1 . 4 . Engine 7 | 1 . 1 . 1 . 2 1 . 1 . . . . . . . . Core 6 | . . 1 1 1 . . . . 1 . . . 1 . . 1 . Reactor 4 | . . . . . . . . . . . . . . 1 . 3 . Propulsion 44 | 2 . 3 . 7 . 4 1 . . . . . 1 8 . 13 5 Treads 27 | 2 . 3 . 7 . 1 . . . . . . 1 2 . 11 . Leg 3 | . . . . . . 1 . . . . . . . 2 . . . Wheel . | . . . . . . . . . . . . . . . . . . Hover 3 | . . . . . . . . . . . . . . 2 . . 1 Flight 11 | . . . . . . 2 1 . . . . . . 2 . 2 4 Utility 71 | 1 1 6 . 14 2 6 . 1 3 . 2 . 4 9 5 17 . Device 27 | . . 3 . 5 2 1 . . . . 1 . 3 5 2 5 . Storage 6 | 1 . . . 1 . 1 . . . . . . . 1 . 2 . Processor 19 | . . 1 . 3 . 4 . 1 2 . 1 . . . 3 4 . Hackware 9 | . 1 . . 2 . . . . 1 . . . 1 2 . 2 . Protection 10 | . . 2 . 3 . . . . . . . . . 1 . 4 . Artifact . | . . . . . . . . . . . . . . . . . . Weapon 38 | 2 1 4 1 9 . . . 1 . . . . 3 9 . 8 . Energy Gun 11 | . . 1 1 3 . . . 1 . . . . 2 1 . 2 . Energy Cannon 4 | . . . . . . . . . . . . . . 3 . 1 . Ballistic Gun 15 | 2 1 2 . 5 . . . . . . . . . 2 . 3 . Ballistic Cannon 5 | . . 1 . 1 . . . . . . . . 1 1 . 1 . Launcher 1 | . . . . . . . . . . . . . . . . 1 . Special Weapon 2 | . . . . . . . . . . . . . . 2 . . . Impact Weapon . | . . . . . . . . . . . . . . . . . . Slashing Weapon . | . . . . . . . . . . . . . . . . . . Piercing Weapon . | . . . . . . . . . . . . . . . . . . Special Melee Weapon . | . . . . . . . . . . . . . . . . . . Unidentified Prototypes 5 | . . . . 1 . . . . . . . . . . . 4 . Parts Lost 84 | . . 3 . 11 . 6 . . . . . 1 5 14 1 31 12 Power 9 | . . . . 2 . 1 . . . . . . 1 1 . 3 1 Propulsion 23 | . . 1 . 3 . 2 . . . . . 1 1 3 . 6 6 Utility 36 | . . 2 . 2 . 2 . . . . . . 2 7 1 16 4 Weapon 16 | . . . . 4 . 1 . . . . . . 1 3 . 6 1 Highest Loss Streak 15 | . . 2 . 5 . 6 . . . . . 1 3 5 1 15 7 To Critical Strikes 1 | . . . . . . . . . . . . . . . . 1 . Average Slot Usage (%) 83 | . 89 92 100 97 88 69 75 77 92 94 94 98 76 80 63 70 42 Engine 2 | . 14 10 . . 7 2 4 5 4 . . . . . . . . Core 2 | . . . 11 8 . . . . . 5 5 5 2 . . . . Reactor 1 | . . . . . . . . . . . . . . 4 . 3 1 Treads 11 | . 28 21 22 17 15 3 . . . . . . 2 6 . 5 . Flight 3 | . . . . . . 1 17 17 17 17 17 17 6 1 4 1 6 Device 8 | . . 4 11 10 19 15 11 11 11 11 12 17 11 11 12 7 . Storage 5 | . 14 11 11 9 7 2 . . . . . . . 4 . 1 . Processor 22 | . . 11 11 18 23 31 35 35 42 41 39 35 32 25 31 28 22 Hackware 9 | . 3 5 . 8 7 6 5 5 8 11 11 11 16 14 14 10 8 Protection 3 | . . 5 11 5 . . . . . . . . . 1 . 3 2 Energy Gun 3 | . . 9 11 7 . . . 1 5 5 5 9 1 . . . . Ballistic Gun 5 | . 28 9 . 4 7 2 . . . . . . . 2 . 2 . Ballistic Cannon 2 | . . 3 11 5 . . . . . . . . . 3 . . 1 Peak Build Rating 131 | 6 9 17 17 30 24 45 52 65 73 73 73 76 71 92 72 131 112 Average Rating 51 | 4 6 11 17 26 22 32 51 52 69 72 72 75 62 72 69 98 72 On Entrance 44 | . 6 9 17 17 20 24 42 52 65 73 72 73 71 62 45 60 99 Naked Turns . | . . . . . . . . . . . . . . . . . . Heaviest Build 97 | 11 11 25 23 28 20 27 13 18 18 13 14 16 14 55 11 97 29 Greatest Support 160 | 40 40 40 40 42 40 40 18 18 18 18 18 18 15 84 15 160 47 Greatest Overweight (x) 7 | 2 . . . 7 . 1 . . . . . 1 2 3 . 1 . Average Overweight (x) . | . . . . . . . . . . . . . . . . . . Largest Inventory Capacity 20 | 8 8 8 8 10 10 10 5 5 5 5 5 5 5 10 5 20 5 Average Capacity 8 | 7 8 8 8 9 10 7 5 5 5 5 5 5 5 9 5 9 5 Most Carried 20 | 7 8 8 8 10 4 5 5 5 5 5 5 5 5 10 5 20 5 Average Carried 7 | 5 7 7 7 8 2 4 4 4 5 4 5 5 4 7 4 7 2 Final Capacity 10 | 8 8 8 8 10 10 5 5 5 5 5 5 5 5 5 5 5 5 Final Carried 8 | 6 8 8 8 4 2 5 5 5 5 5 5 5 5 3 5 5 2 Class Distribution -------------------- 36% | Mutant 35% | Hacker-Mutant 23% | Scavenger-Mutant Dominant Class ---------------- Mutant | -10/Materials Scavenger-Mutant | -9/Materials Scavenger-Mutant | -9/Mines Mutant | -8/Materials Scavenger-Mutant | -7/Factory Mutant | -6/Factory Mutant | -5/Factory Mutant | -5/Waste Hacker-Mutant | -5/Factory Hacker-Mutant | -5/Upper Caves Hacker-Mutant | -5/Upper Caves Commander-Scout | -5/Warlord Hacker-Mutant | -4/Proximity Caves Hacker-Mutant | -4/Factory Hacker-Mutant | -3/Research Hacker-Mutant | -2/Research Scavenger-Mutant | -1/Access Resources | -11 -10 -9 -9 -8 -7 -6 -5 -5 -5 -5 -5 -5 -4 -4 -3 -2 -1 ----------- Run | Yrd Mat Mat Min Mat Fac Fac Fac Was Fac Upp Upp War Pro Fac Res Res Acc Matter Collected 3068 | 200 346 288 83 746 . 52 . 176 . 60 10 . 89 247 . 755 16 Remotely 49 | . . . . 49 . . . . . . . . . . . . . Salvage Created 3563 | . 664 733 102 1105 . 52 . . . . . 75 . 339 . 493 . Parts 190 | . 43 58 6 55 . 1 . . . . . 2 . 8 . 17 . Haulers Intercepted 4 | . 1 1 . 2 . . . . . . . . . . . . . Recyclers Shooed 12 | . 5 2 . 3 . . . . . . . . . 2 . . . Parts Field Recycled . | . . . . . . . . . . . . . . . . . . Retrieved Matter . | . . . . . . . . . . . . . . . . . . Parts Self-Destructed 2 | . . . . . . . . . . 2 . . . . . . . Prevented . | . . . . . . . . . . . . . . . . . . Kills | -11 -10 -9 -9 -8 -7 -6 -5 -5 -5 -5 -5 -5 -4 -4 -3 -2 -1 ------- Run | Yrd Mat Mat Min Mat Fac Fac Fac Was Fac Upp Upp War Pro Fac Res Res Acc Combat Hostiles Destroyed 79 | . 13 22 6 22 . 1 . . . . . 1 . 7 . 7 . Guns 58 | . 13 20 1 16 . 1 . . . . . . . 1 . 6 . Cannons 19 | . . 2 5 6 . . . . . . . . . 5 . 1 . AOE 1 | . . . . . . . . . . . . 1 . . . . . Classes Destroyed 15 | . 7 3 . 2 . . . . . . . . . 2 . 1 . Worker 2 | . . 1 . 1 . . . . . . . . . . . . . Tunneler 1 | . 1 . . . . . . . . . . . . . . . . Hauler 4 | . 1 1 . 2 . . . . . . . . . . . . . Recycler 5 | . 2 . . 3 . . . . . . . . . . . . . Operator 5 | . 2 . . 2 . . . . . . . . . 1 . . . Drone 1 | . . . . . . . . . . . . . . 1 . . . Watcher 7 | . 2 2 . 3 . . . . . . . . . . . . . Swarmer 29 | . 8 11 4 6 . . . . . . . . . . . . . Grunt 28 | . 5 8 1 9 . . . . . . . 1 . 2 . 2 . Brawler 1 | . . . . 1 . . . . . . . . . . . . . Duelist 4 | . . 1 1 1 . 1 . . . . . . . . . . . Sentry 7 | . . 2 . 4 . . . . . . . . . 1 . . . Specialist 2 | . . . . . . . . . . . . . . 2 . . . Hunter 4 | . . . . 1 . . . . . . . . . 2 . 1 . Striker 4 | . . . . . . . . . . . . . . . . 4 . Best Kill Streak 5 | . 4 5 4 4 . 1 . . . . . 1 . 2 . 3 . Combat Bots Only 5 | . 4 5 4 4 . 1 . . . . . 1 . 2 . 3 . Max Kills in Single Turn 2 | . 1 2 1 2 . 1 . . . . . 1 . 2 . 1 . Gunslinging 1 | . . 1 . . . . . . . . . . . . . . . Exploded 1 | . . . . . . . . . . . . 1 . . . . . Melee . | . . . . . . . . . . . . . . . . . . Uniques/NPCs Destroyed . | . . . . . . . . . . . . . . . . . . Combat | -11 -10 -9 -9 -8 -7 -6 -5 -5 -5 -5 -5 -5 -4 -4 -3 -2 -1 -------- Run | Yrd Mat Mat Min Mat Fac Fac Fac Was Fac Upp Upp War Pro Fac Res Res Acc Hostile Shots Fired 1434 | . 65 85 17 172 . 82 3 . 3 4 . 4 36 209 47 356 351 Missed 565 | . 18 25 5 55 . 38 3 . 2 3 . 2 18 62 26 108 200 Damage Taken 18222 | . 414 607 191 1678 . 796 . . 19 19 . 83 419 2444 557 8036 2959 Core 4543 | . 115 117 6 276 . 323 . . . . . 16 123 433 169 1349 1616 Absorbed by Shields 11 | . . . . . . . . . . . . . . . . 11 . Redirected to Shielding 93 | . . . . . . . . . . . . . . . . 27 66 Regen/Repaired (Parts) 94 | . . . . 86 . . . . . . . 8 . . . . . Core Remaining (%) 67 | 100 54 . 69 49 100 62 . . . . . . 86 62 87 6 . Volleys Fired 381 | . 78 67 12 115 . 15 . . . . . 2 2 49 . 41 . Largest 2 | . 2 2 2 2 . 1 . . . . . 1 1 2 . 2 . Hottest 142 | . 40 95 95 104 . 25 . . . . . 40 61 142 . 127 . Shots Fired 685 | . 156 134 24 220 . 15 . . . . . 2 2 57 . 75 . Gun 526 | . 156 122 12 160 . 15 . . . . . 2 . 4 . 55 . Cannon 159 | . . 12 12 60 . . . . . . . . 2 53 . 20 . Launcher . | . . . . . . . . . . . . . . . . . . Special . | . . . . . . . . . . . . . . . . . . Kinetic 476 | . 156 81 12 126 . 15 . . . . . . 2 44 . 40 . Thermal 176 | . . 53 12 94 . . . . . . . 2 . . . 15 . Explosive . | . . . . . . . . . . . . . . . . . . Electromagnetic 33 | . . . . . . . . . . . . . . 13 . 20 . Robot Hit Streak 32 | . 7 17 25 16 . 5 . . . . . 7 . 16 . 32 . Robot Miss Streak 7 | . 4 7 3 5 . 2 . . . . . . . 1 . 3 . Penetration Max 1 | . . . . . . . . . . . . . . 1 . . . Secondary Targets 9 | . 2 3 . 3 . . . . . . . . . . . 1 . Max Gunslinging Chain 1 | . 1 1 . 1 . . . . . . . . . . . 1 . Shots Hit Robots 455 | . 86 78 15 151 . 11 . . . . . 2 . 49 . 63 . Core Hits 193 | . 39 38 8 58 . 5 . . . . . 2 . 17 . 26 . Critical Kills 2 | . 1 . . . . . . . . . . . . . . 1 . Critical Parts Destroyed . | . . . . . . . . . . . . . . . . . . Critical Strikes 18 | . 1 3 . 4 . . . . . . . . . 8 . 2 . Burn 6 | . . 3 . 3 . . . . . . . . . . . . . Destroy 2 | . 1 . . . . . . . . . . . . . . 1 . Blast 9 | . . . . 1 . . . . . . . . . 8 . . . Corrupt 1 | . . . . . . . . . . . . . . . . 1 . Melee Attacks . | . . . . . . . . . . . . . . . . . . Impact . | . . . . . . . . . . . . . . . . . . Slashing . | . . . . . . . . . . . . . . . . . . Piercing . | . . . . . . . . . . . . . . . . . . Sneak Attacks . | . . . . . . . . . . . . . . . . . . Combat Hostiles . | . . . . . . . . . . . . . . . . . . Follow-up Attacks . | . . . . . . . . . . . . . . . . . . Damage Inflicted 8843 | . 921 1081 281 2712 . 233 . . . . . 26 . 1856 . 1733 . Guns 5184 | . 921 845 73 1878 . 223 . . . . . 26 . 59 . 1159 . Cannons 3644 | . . 236 208 829 . . . . . . . . . 1797 . 574 . Explosions . | . . . . . . . . . . . . . . . . . . Melee . | . . . . . . . . . . . . . . . . . . Ramming 15 | . . . . 5 . 10 . . . . . . . . . . . Kinetic 5725 | . 921 564 208 1629 . 223 . . . . . . . 1415 . 765 . Thermal 2088 | . . 517 73 1078 . . . . . . . 26 . . . 394 . Explosive . | . . . . . . . . . . . . . . . . . . Electromagnetic 1015 | . . . . . . . . . . . . . . 441 . 574 . Impact . | . . . . . . . . . . . . . . . . . . Slashing . | . . . . . . . . . . . . . . . . . . Piercing . | . . . . . . . . . . . . . . . . . . Highest Corruption 6 | . . 1 1 . . . . . . . . . . . 4 6 1 Average Corruption 2 | . . 1 1 . . . . . . . . . . . 3 5 1 Corruption Purged . | . . . . . . . . . . . . . . . . . . Corruption Blocked 13 | . . . . . . . . . . . . 1 . 12 . . . Effects 22 | . . 5 3 . . . . . . . . . . . 2 12 . Message Errors 8 | . . 2 3 . . . . . . . . . . . . 3 . Matter Fused 7 | . . 1 . . . . . . . . . . . . . 6 . Heat Flow Errors 1 | . . . . . . . . . . . . . . . 1 . . Energy Discharges 3 | . . . . . . . . . . . . . . . 1 2 . Parts Fused 1 | . . 1 . . . . . . . . . . . . . . . Data Loss (minor) 1 | . . 1 . . . . . . . . . . . . . . . Alerts 1 | . . . . . . . . . . . . . . . . 1 . Overload Shots . | . . . . . . . . . . . . . . . . . . Overflow Damage 64 | . . . 8 2 . . . . . . . . . 54 . . . Projectiles 64 | . . . 8 2 . . . . . . . . . 54 . . . Explosions . | . . . . . . . . . . . . . . . . . . Melee . | . . . . . . . . . . . . . . . . . . Knockbacks 22 | . . 3 4 4 . . . . . . . . . 11 . . . Impact . | . . . . . . . . . . . . . . . . . . Kinetic 18 | . . 3 2 4 . . . . . . . . . 9 . . . Secondary 4 | . . . 2 . . . . . . . . . . 2 . . . Self-Inflicted Damage 4 | . . . . . . 4 . . . . . . . . . . . Shots . | . . . . . . . . . . . . . . . . . . Rammed 6 | . . . . 1 . 5 . . . . . . . . . . . Targets Rammed 6 | . . . . 1 . 5 . . . . . . . . . . . Kicked . | . . . . . . . . . . . . . . . . . . Crushed . | . . . . . . . . . . . . . . . . . . Highest Temperature 353 | . 12 353 27 63 . 4 . . . . . 4 . 287 168 234 . Average Temperature 48 | . 6 84 9 9 . 4 . . . . . 4 . 80 87 60 . Received Heat Transfer 1823 | . 78 171 6 459 . 210 . . 9 . . 21 84 600 48 110 27 Effects 1 | . . . . . . . . . . . . . . 1 . . . Energy Bleed 1 | . . . . . . . . . . . . . . 1 . . . Siege Activations . | . . . . . . . . . . . . . . . . . . Robots Corrupted 1 | . . . . . . . . . . . . . . 1 . . . Combat Hostiles 1 | . . . . . . . . . . . . . . 1 . . . Parts Fried 2 | . . . . . . . . . . . . . . 1 . 1 . Impact Corruptions . | . . . . . . . . . . . . . . . . . . Robots Melted . | . . . . . . . . . . . . . . . . . . Combat Hostiles . | . . . . . . . . . . . . . . . . . . Parts Melted 5 | . . 2 . 2 . . . . . . . . . . . 1 . Heat Transferred 5180 | . . 1554 185 2849 . . . . . . . 74 . . . 518 . Parts Sabotaged . | . . . . . . . . . . . . . . . . . . Parts Stolen . | . . . . . . . . . . . . . . . . . . Parts Stripped . | . . . . . . . . . . . . . . . . . . Power Chain Reactions . | . . . . . . . . . . . . . . . . . . Alert | -11 -10 -9 -9 -8 -7 -6 -5 -5 -5 -5 -5 -5 -4 -4 -3 -2 -1 ------- Run | Yrd Mat Mat Min Mat Fac Fac Fac Was Fac Upp Upp War Pro Fac Res Res Acc Peak Influence 539 | . 244 539 351 289 104 89 102 35 95 . . . . 134 256 344 210 Initial 210 | . . 91 210 136 104 50 43 35 24 . . . . 31 64 144 60 Average 133 | . 148 363 287 113 104 48 64 35 64 . . . . 70 128 96 94 Maximum Alert Level 2 | . 1 2 1 1 . . . . . . . . . . 1 1 1 Low Security (%) 77 | 100 65 11 . 80 100 100 100 100 100 . . . . 100 94 93 98 Level 1 17 | . 34 36 100 19 . . . . . . . . . . 5 6 1 Level 2 5 | . . 51 . . . . . . . . . . . . . . . Level 3 . | . . . . . . . . . . . . . . . . . . Level 4 . | . . . . . . . . . . . . . . . . . . Level 5 . | . . . . . . . . . . . . . . . . . . High Security . | . . . . . . . . . . . . . . . . . . Max Security . | . . . . . . . . . . . . . . . . . . Squads Dispatched 24 | . 3 1 . 7 . 1 . . . . . . . 4 4 3 1 Investigation 5 | . . 1 . . . . . . . . . . . . 2 2 . Extermination . | . . . . . . . . . . . . . . . . . . Reinforcement 16 | . 3 . . 4 . 1 . . . . . . . 4 2 1 1 Assault . | . . . . . . . . . . . . . . . . . . Garrison 3 | . . . . 3 . . . . . . . . . . . . . Intercept . | . . . . . . . . . . . . . . . . . . Searches Triggered . | . . . . . . . . . . . . . . . . . . Construction Impeded 1 | . . . . . . . . . . . . . . 1 . . . Haulers Reinforced . | . . . . . . . . . . . . . . . . . . Active Scanning Responses . | . . . . . . . . . . . . . . . . . . Cargo Convoy Interrupts . | . . . . . . . . . . . . . . . . . . Stealth | -11 -10 -9 -9 -8 -7 -6 -5 -5 -5 -5 -5 -5 -4 -4 -3 -2 -1 --------- Run | Yrd Mat Mat Min Mat Fac Fac Fac Was Fac Upp Upp War Pro Fac Res Res Acc Distress Signals 27 | . 2 1 . 3 . . . . 2 . . . . . 3 13 3 Communications Jammed . | . . . . . . . . . . . . . . . . . . Distress Signals . | . . . . . . . . . . . . . . . . . . Times Spotted 271 | . 30 40 6 39 . 12 5 . 5 1 . 6 5 17 24 56 25 Peak Tracking Total 21 | . 4 6 4 7 . 4 5 . 3 1 . 7 3 4 17 9 21 Tactical Retreats 37 | . . 2 . 3 . 4 1 . 2 . . 1 4 3 4 8 5 Traps | -11 -10 -9 -9 -8 -7 -6 -5 -5 -5 -5 -5 -5 -4 -4 -3 -2 -1 ------- Run | Yrd Mat Mat Min Mat Fac Fac Fac Was Fac Upp Upp War Pro Fac Res Res Acc Traps Triggered 8 | . . 1 . 3 . . 1 . . . . . . . 3 . . Indirectly . | . . . . . . . . . . . . . . . . . . Trap Hack Attempts . | . . . . . . . . . . . . . . . . . . Triggered . | . . . . . . . . . . . . . . . . . . Disarmed . | . . . . . . . . . . . . . . . . . . Reprogrammed . | . . . . . . . . . . . . . . . . . . Reused . | . . . . . . . . . . . . . . . . . . Traps Extracted . | . . . . . . . . . . . . . . . . . . Installed . | . . . . . . . . . . . . . . . . . . Triggered 4 | . . . . . . . . . . . . 4 . . . . . Machines | -11 -10 -9 -9 -8 -7 -6 -5 -5 -5 -5 -5 -5 -4 -4 -3 -2 -1 ---------- Run | Yrd Mat Mat Min Mat Fac Fac Fac Was Fac Upp Upp War Pro Fac Res Res Acc Machines Disabled 5 | . . . . 2 . . . . . . . . . 2 . 1 . Max in Single Turn 1 | . . . . 1 . . . . . . . . . 1 . 1 . Garrison Access 5 | . . . . . . . . . . . . . . 1 1 3 . Machines Repaired . | . . . . . . . . . . . . . . . . . . Machines Dismantled . | . . . . . . . . . . . . . . . . . . Machines Sabotaged . | . . . . . . . . . . . . . . . . . . Overloaded Fab Kills . | . . . . . . . . . . . . . . . . . . Hacking | -11 -10 -9 -9 -8 -7 -6 -5 -5 -5 -5 -5 -5 -4 -4 -3 -2 -1 --------- Run | Yrd Mat Mat Min Mat Fac Fac Fac Was Fac Upp Upp War Pro Fac Res Res Acc Machines Accessed 34 | . 2 2 . 5 1 3 1 . 2 . 1 7 . 1 5 2 2 Terminals 18 | . 2 2 . 3 . 2 1 . 2 . . . . . 4 . 2 Fabricators 1 | . . . . . . 1 . . . . . . . . . . . Repair Stations 2 | . . . . 1 . . . . . . . . . . . 1 . Recycling Units 1 | . . . . 1 . . . . . . . . . . . . . Scanalyzers . | . . . . . . . . . . . . . . . . . . Garrison Access 4 | . . . . . 1 . . . . . . . . 1 1 1 . Total Hacks 71 | . 5 6 . 13 3 6 2 . 7 . 1 7 . 1 11 6 3 Successful 34 | . 1 3 . 8 . 2 1 . 2 . 1 7 . 1 7 1 . Failed 37 | . 4 3 . 5 3 4 1 . 5 . . . . . 4 5 3 Catastrophic 6 | . . 1 . 1 1 . 1 . . . . . . . . . 2 Database Lockouts . | . . . . . . . . . . . . . . . . . . Manual 41 | . 5 5 . 10 . 4 2 . 7 . . . . . 6 . 2 Terminals 44 | . 5 6 . 9 . 3 2 . 7 . . . . . 9 . 3 Fabricators 3 | . . . . . . 3 . . . . . . . . . . . Repair Stations 5 | . . . . 2 . . . . . . . . . . . 3 . Recycling Units 2 | . . . . 2 . . . . . . . . . . . . . Scanalyzers . | . . . . . . . . . . . . . . . . . . Garrison Access 9 | . . . . . 3 . . . . . . . . 1 2 3 . Terminal Hacks 14 | . . 1 . 2 . . . . . . 1 7 . . 3 . . Record 7 | . . . . . . . . . . . . 5 . . 2 . . Open Door 3 | . . . . . . . . . . . 1 2 . . . . . Level Access Points 1 | . . . . . . . . . . . . . . . 1 . . Alert Level 2 | . . 1 . 1 . . . . . . . . . . . . . Unreport Threat 1 | . . . . 1 . . . . . . . . . . . . . Fabricator Hacks 1 | . . . . . . 1 . . . . . . . . . . . Build 1 | . . . . . . 1 . . . . . . . . . . . Repair Station Hacks 3 | . . . . 2 . . . . . . . . . . . 1 . Scan Component 2 | . . . . 1 . . . . . . . . . . . 1 . Repair 1 | . . . . 1 . . . . . . . . . . . . . Recycling Unit Hacks . | . . . . . . . . . . . . . . . . . . Scanalyzer . | . . . . . . . . . . . . . . . . . . Garrison Access Hacks 2 | . . . . . . . . . . . . . . 1 1 . . Seal Access 2 | . . . . . . . . . . . . . . 1 1 . . Unauthorized Hacks 14 | . 1 2 . 4 . 1 1 . 2 . . . . . 3 . . Terminals 12 | . 1 2 . 2 . 1 1 . 2 . . . . . 3 . . Assimilate 1 | . . . . . . . . . 1 . . . . . . . . Botnet 11 | . 1 2 . 2 . 1 1 . 1 . . . . . 3 . . Fabricators . | . . . . . . . . . . . . . . . . . . Repair Stations . | . . . . . . . . . . . . . . . . . . Recycling Units 2 | . . . . 2 . . . . . . . . . . . . . Monitor 1 | . . . . 1 . . . . . . . . . . . . . Reject 1 | . . . . 1 . . . . . . . . . . . . . Scanalyzers . | . . . . . . . . . . . . . . . . . . Garrison Access . | . . . . . . . . . . . . . . . . . . Data Cores Recovered . | . . . . . . . . . . . . . . . . . . Used . | . . . . . . . . . . . . . . . . . . Hacking Detections 24 | . 2 2 . 4 1 3 1 . 2 . . . . . 5 2 2 Full Trace Events 4 | . . 1 . . . . . . . . . . . . 1 2 . Feedback Events . | . . . . . . . . . . . . . . . . . . Feedback Blocked . | . . . . . . . . . . . . . . . . . . Robot Schematics Acquired . | . . . . . . . . . . . . . . . . . . Robots Built . | . . . . . . . . . . . . . . . . . . Authchips . | . . . . . . . . . . . . . . . . . . Time 81 | . . . . . . 81 . . . . . . . . . . . Total Robot Build Rating . | . . . . . . . . . . . . . . . . . . Part Schematics Acquired . | . . . . . . . . . . . . . . . . . . Parts Built . | . . . . . . . . . . . . . . . . . . Authchips . | . . . . . . . . . . . . . . . . . . Time . | . . . . . . . . . . . . . . . . . . Total Part Build Rating . | . . . . . . . . . . . . . . . . . . Parts Repaired 1 | . . . . 1 . . . . . . . . . . . . . Time 32 | . . . . 32 . . . . . . . . . . . . . Parts Recycled . | . . . . . . . . . . . . . . . . . . Recycled Matter . | . . . . . . . . . . . . . . . . . . Retrieved Matter . | . . . . . . . . . . . . . . . . . . Retrieved Components . | . . . . . . . . . . . . . . . . . . Parts Scanalyzed . | . . . . . . . . . . . . . . . . . . Part Schematics Acquired . | . . . . . . . . . . . . . . . . . . Parts Damaged . | . . . . . . . . . . . . . . . . . . Bothacking | -11 -10 -9 -9 -8 -7 -6 -5 -5 -5 -5 -5 -5 -4 -4 -3 -2 -1 ------------ Run | Yrd Mat Mat Min Mat Fac Fac Fac Was Fac Upp Upp War Pro Fac Res Res Acc Used RIF Installer . | . . . . . . . . . . . . . . . . . . Robots Hacked . | . . . . . . . . . . . . . . . . . . Non-combat . | . . . . . . . . . . . . . . . . . . Combat . | . . . . . . . . . . . . . . . . . . Robot Hacks Applied . | . . . . . . . . . . . . . . . . . . Relay Couplers Released 3 | . . . . . . . . . . . . . . . . 3 . Machine Destruction 3 | . . . . . . . . . . . . . . . . 3 . Fabnet Peak Effective % . | . . . . . . . . . . . . . . . . . . Robots Rewired 5 | . . . . . . . . . . . . 5 . . . . . Allies Hacked . | . . . . . . . . . . . . . . . . . . Hacks Repelled . | . . . . . . . . . . . . . . . . . . Allies | -11 -10 -9 -9 -8 -7 -6 -5 -5 -5 -5 -5 -5 -4 -4 -3 -2 -1 -------- Run | Yrd Mat Mat Min Mat Fac Fac Fac Was Fac Upp Upp War Pro Fac Res Res Acc Total Allies 6 | . . . . . . . . . 1 . . 5 . . . . . Largest Group 5 | . . . . . . . . . 1 . . 5 . . . . . Highest-Rated Group 258 | . . . . . . . . . 26 . . 258 . . . . . Highest-Rated Ally 65 | . . . . . . . . . 26 . . 65 . . . . . Total Orders 2 | . . . . . . . . . . . . . . 2 . . . EXPLORE 2 | . . . . . . . . . . . . . . 2 . . . Ally Attacks . | . . . . . . . . . . . . . . . . . . Total Damage . | . . . . . . . . . . . . . . . . . . Kills . | . . . . . . . . . . . . . . . . . . Allies Corrupted . | . . . . . . . . . . . . . . . . . . Allies Melted . | . . . . . . . . . . . . . . . . . . Intel | -11 -10 -9 -9 -8 -7 -6 -5 -5 -5 -5 -5 -5 -4 -4 -3 -2 -1 ------- Run | Yrd Mat Mat Min Mat Fac Fac Fac Was Fac Upp Upp War Pro Fac Res Res Acc Robot Analysis Total . | . . . . . . . . . . . . . . . . . . Derelict Logs Recovered 2 | . . . . . . . . . . . 2 . . . . . . Drone Launches 16 | . . . . . . . . . . . . . 2 5 9 . . Drone Recoveries 11 | . . . . . . . . . . . . . 1 3 7 . . Exploration | -11 -10 -9 -9 -8 -7 -6 -5 -5 -5 -5 -5 -5 -4 -4 -3 -2 -1 ------------- Run | Yrd Mat Mat Min Mat Fac Fac Fac Was Fac Upp Upp War Pro Fac Res Res Acc Turns Passed 8173 | 96 742 712 307 1653 81 357 117 101 112 145 97 311 299 698 302 1854 189 Spaces Moved 8123 | 53 321 295 146 747 50 441 243 282 261 340 275 768 612 399 698 1767 425 Core 778 | 9 . . . 1 . 253 . . . . . . 280 46 . 136 53 Treads 2519 | 44 321 295 146 746 50 15 . . . . . . . 217 . 685 . Legs 85 | . . . . . . 56 . . . . . . . 29 . . . Wheels . | . . . . . . . . . . . . . . . . . . Hover 30 | . . . . . . . . . . . . . . 4 . . 26 Flight 4711 | . . . . . . 117 243 282 261 340 275 768 332 103 698 946 346 Fastest Speed 34 | 50 160 160 160 152 160 37 34 34 34 34 34 34 37 40 40 40 37 Average Speed 79 | 153 160 160 160 153 160 68 34 34 34 34 34 35 44 127 40 92 42 Slowest Speed 400 | 160 160 160 160 400 160 190 37 34 34 34 34 117 150 225 40 225 60 Overloaded Moves . | . . . . . . . . . . . . . . . . . . Propulsion Burnouts . | . . . . . . . . . . . . . . . . . . Robots Hopped 33 | . . . . . . . . . . 3 1 1 1 2 11 4 10 Cave-ins Triggered . | . . . . . . . . . . . . . . . . . . Exploration Rate (%) 37 | 4 61 33 35 59 3 17 6 91 7 49 43 92 76 16 26 45 16 Regions Visited 17 Branch Regions 5 Pre-discovered Areas . | . . . . . . . . . . . . . . . . . . Known Exits Taken 12 | . . 1 1 1 1 1 . . 1 1 1 1 1 1 1 . . Unknown Exits Taken 3 | 1 1 . . . . . . . . . . . . . . 1 . Scrap Searched 6 | . . . 1 . . . . . . 1 1 . 3 . . . . Spaces Dug 1 | . . . . . . . . . . . . . 1 . . . . Terrain Destroyed 21 | . . . 1 3 . . . . . . . . 2 9 . 6 . Melee . | . . . . . . . . . . . . . . . . . . Projectile 21 | . . . 1 3 . . . . . . . . 2 9 . 6 . AOE . | . . . . . . . . . . . . . . . . . . Terrain Rammed . | . . . . . . . . . . . . . . . . . . Walls Destroyed . | . . . . . . . . . . . . . . . . . . Machines Disabled . | . . . . . . . . . . . . . . . . . . Actions | -11 -10 -9 -9 -8 -7 -6 -5 -5 -5 -5 -5 -5 -4 -4 -3 -2 -1 --------- Run | Yrd Mat Mat Min Mat Fac Fac Fac Was Fac Upp Upp War Pro Fac Res Res Acc Total 9192 | 65 412 422 196 1050 51 484 277 286 284 366 278 808 635 532 711 1913 422 Wait 321 | . 1 16 33 127 . 1 30 . 14 27 . 14 5 29 5 18 1 Move 8047 | 52 320 294 145 746 49 440 243 281 260 334 272 765 609 395 675 1759 408 Hop 27 | . . . . . . . . . . 2 1 1 1 1 11 3 7 Pick Up 106 | 7 6 11 2 14 . 5 2 1 1 2 1 1 2 15 8 27 1 Fast Attach 81 | 5 1 7 . 14 . 7 . 2 3 . 1 . 4 9 5 20 3 Attach 67 | 1 . 1 . 12 2 4 2 . . . . . 4 17 . 22 2 Detach 22 | . . 1 . 1 . 4 . . 1 . 1 . 2 6 . 6 . Swap 22 | . 1 7 2 6 . 1 . . 2 . 1 . 1 1 . . . Drop 87 | . 5 18 2 14 . 2 . 2 3 1 1 1 5 10 7 16 . Fire 381 | . 78 67 12 115 . 15 . . . . . 2 2 49 . 41 . Melee . | . . . . . . . . . . . . . . . . . . Ram 5 | . . . . . . 5 . . . . . . . . . . . Kick . | . . . . . . . . . . . . . . . . . . Crush 1 | . . . . 1 . . . . . . . . . . . . . Escape Stasis . | . . . . . . . . . . . . . . . . . . Rewire 25 | . . . . . . . . . . . . 24 . . . 1 . Trap . | . . . . . . . . . . . . . . . . . . Miscellaneous . | . . . . . . . . . . . . . . . . . . Route ------- -11/Scrapyard -10/Materials (discovered 2 exits: *Mat / [*Min]) -9/Materials -9/Mines -8/Materials (discovered 2 exits: *Fac x2) -7/Factory -6/Factory (discovered 2 exits: *Fac / *Low) -5/Factory -5/Waste -5/Factory -5/Upper Caves -5/Upper Caves -5/Warlord -4/Proximity Caves -4/Factory -3/Research (discovered 4 exits: *Res x3 / [*Tes]) -2/Research -1/Access History --------- Turn | Location | Event 24 | -11/Scrapyard | Discovered new exit (range 15) 97 | -11/Scrapyard | Entered Materials 305 | -10/Materials | Build established: Mutant 429 | -10/Materials | Discovered new exit (range 16) 760 | -10/Materials | Discovered new exit (range 15) 839 | -10/Materials | Entered another Materials area 839 | -9/Materials | Evolved 2 slots: Utility x2 1195 | -9/Materials | Build established: Scavenger-Mutant 1506 | -9/Materials | Discovered new exit (range 14) 1547 | -9/Materials | Identified exit to Mines 1551 | -9/Materials | Entered Mines 1814 | -9/Mines | A weapon hastily lodged in a ceiling crevice suddenly fell to the ground 1838 | -9/Mines | Discovered new exit (range 11) 1845 | -9/Mines | Received a Rocket Launcher from a helpful Derelict 1857 | -9/Mines | Identified exit to Materials 1858 | -9/Mines | Entered Materials 1858 | -8/Materials | Evolved 2 slots: Utility x2 2069 | -8/Materials | Repaired Hrd. Light Armor Plating 2226 | -8/Materials | Build established: Mutant 2712 | -8/Materials | Discovered new exit (range 13) 2731 | -8/Materials | Identified exit to Factory 3311 | -8/Materials | Garrison activated, responded to threat 3433 | -8/Materials | Lost 5 parts (1p1n2u1w) 3460 | -8/Materials | Core integrity fell below 50% 3480 | -8/Materials | Discovered exit to Factory (range 16) 3511 | -8/Materials | Entered Factory 3511 | -7/Factory | Evolved 2 slots: Utility x2 3563 | -7/Factory | Discovered new exit (range 16) 3589 | -7/Factory | Identified exit to Factory 3592 | -7/Factory | Entered another Factory area 3592 | -6/Factory | Evolved 2 slots: Utility x2 3636 | -6/Factory | Discovered new exit (range 9) 3651 | -6/Factory | Identified exit to Lower Caves 3790 | -6/Factory | Lost 6 parts (1p2n2u1w) 3946 | -6/Factory | Discovered new exit (range 11) 3949 | -6/Factory | Identified exit to Factory 3949 | -6/Factory | Entered another Factory area 3949 | -5/Factory | Evolved 2 slots: Propulsion x1, Utility x1 4066 | -5/Factory | Sucked down chute 4066 | -5/Factory | Entered Waste 4066 | -5/Waste | The area was eerily silent 4128 | -5/Waste | Discovered new exit (range 12) 4162 | -5/Waste | Identified exit to Factory 4167 | -5/Waste | Entered Factory 4273 | -5/Factory | Discovered new exit (range 15) 4278 | -5/Factory | Identified exit to Upper Caves 4279 | -5/Factory | Entered Upper Caves 4420 | -5/Upper Caves | Discovered new exit (range 15) 4424 | -5/Upper Caves | Identified exit to Upper Caves 4424 | -5/Upper Caves | Entered another Upper Caves area 4480 | -5/Upper Caves | Learned Factory emergency access door positions 4507 | -5/Upper Caves | Identified exit to Warlord 4521 | -5/Upper Caves | Entered Warlord 4558 | -5/Warlord | Visited the Vortex Lab 4576 | -5/Warlord | Warlord's base attacked by MAIN.C 4696 | -5/Warlord | Met Warlord 4793 | -5/Warlord | Opened side exit 4799 | -5/Warlord | Discovered new exit (range 10) 4802 | -5/Warlord | Identified exit to Proximity Caves 4832 | -5/Warlord | Entered Proximity Caves 4907 | -4/Proximity Caves | Spotted B-86 Titan 4938 | -4/Proximity Caves | Lost 3 parts (1n1u1w) 5054 | -4/Proximity Caves | Attracted the attention of an 0b10 checkpoint 5125 | -4/Proximity Caves | Discovered new exit (range 12) 5130 | -4/Proximity Caves | Identified exit to Factory 5131 | -4/Proximity Caves | Entered Factory 5131 | -4/Factory | Evolved 2 slots: Utility x2 5175 | -4/Factory | Build established: Hacker-Mutant 5331 | -4/Factory | Lost 3 parts (2n1u) 5354 | -4/Factory | Found Prototype Launcher 5619 | -4/Factory | Lost 5 parts (1n3u1w) 5824 | -4/Factory | Lost 4 parts (1p2u1w) 5826 | -4/Factory | Discovered new exit (range 9) 5829 | -4/Factory | Identified exit to Research 5829 | -4/Factory | Entered Research 5829 | -3/Research | Evolved 2 slots: Propulsion x1, Utility x1 5931 | -3/Research | Identified exit to Research 6075 | -3/Research | Spotted B-86 Titan 6118 | -3/Research | Discovered new exit (range 13) 6131 | -3/Research | Entered another Research area 6131 | -2/Research | Warlord forces began assault on 0b10 6131 | -2/Research | Evolved 2 slots: Utility x2 6198 | -2/Research | Met up with Warlord 6241 | -2/Research | Research machine network offline 6382 | -2/Research | Spotted Striker 6468 | -2/Research | Met DD-05H 6621 | -2/Research | Borebot progress halted 6698 | -2/Research | Borebot progress halted 7110 | -2/Research | Spotted Striker 7135 | -2/Research | Lost 5 allies 7180 | -2/Research | Spotted Striker 7189 | -2/Research | Spotted Executioner 7191 | -2/Research | Spotted Striker 7209 | -2/Research | Spotted Striker 7218 | -2/Research | Lost 5 allies 7251 | -2/Research | Destroyed Striker 7254 | -2/Research | Destroyed Striker 7274 | -2/Research | Lost 14 parts (2p3n7u2w) 7295 | -2/Research | Found Prototype Processor 7295 | -2/Research | Identified Exp. Targeting Computer 7300 | -2/Research | Found Prototype Processor 7300 | -2/Research | Identified Exp. Core Analyzer 7413 | -2/Research | Spotted Striker 7418 | -2/Research | Borebot progress halted 7422 | -2/Research | Destroyed Striker 7451 | -2/Research | Spotted Striker 7454 | -2/Research | Spotted Striker 7486 | -2/Research | Destroyed Striker 7506 | -2/Research | Core integrity fell below 50% 7523 | -2/Research | Spotted Executioner 7526 | -2/Research | Spotted Executioner 7543 | -2/Research | Core integrity fell below 20% 7583 | -2/Research | Lost 15 parts (1p3n7u4w) 7608 | -2/Research | Lost 5 allies 7747 | -2/Research | Met PL-HR7 7854 | -2/Research | Spotted B-90 Cyclops 7860 | -2/Research | Build established: Scavenger-Mutant 7984 | -2/Research | Discovered new exit (range 3) 7985 | -2/Research | Entered Access 7985 | -1/Access | Evolved 2 slots: Propulsion x2 8045 | -1/Access | Spotted B-99 Colossus 8047 | -1/Access | Spotted B-99 Colossus 8088 | -1/Access | Lost 7 parts (1p3n2u1w) 8123 | -1/Access | Spotted B-99 Colossus 8130 | -1/Access | Core integrity fell below 50% 8138 | -1/Access | Core integrity fell below 20% 8168 | -1/Access | Lost 4 parts (2n2u) 8174 | -1/Access | Destroyed by H-88 Terminator with KE Penetrator Last Messages --------------- K-01 Serf collects debris. Penetrated by Slug. Adv. Targeting Computer destroyed. Penetrated by Slug. Slug penetrates Wall. K-01 Serf destroyed. K-01 Serf collects debris. Slug penetrates Wall. Penetrated by Slug. Slug penetrates Wall. Penetrated by Slug. Acquired Antigrav Array. Slug penetrates Wall. Anti-Orbital Battery disabled. Slug penetrates Wall. Sealed Freight Elevator disabled. Slug penetrates Sealed Freight Elevator. Slug penetrates Wall. Slug penetrates Door. Slug penetrates Wall. Map ----- +----------------------------------------------------+ | ???????????????# " # ## | | ???????????????# """ # ######+ | | ???????????????# """ + ! | | ???????????????# " # | | ???????????????# # | | ???????????????# # ########### | | ???????????????##############+#########?????????# | | ??????????????????????# != #???????????# | | ??????????????????????# =] #???????????# | | ??????????????????????# ! #???????????#+ | | ??????????????????????# #????????????? | | ??????????????????????# """ """ #????????????? | | ??????????????????????# """T""" #????????????? | | ?????????????????######""############????????????? | | ?????????????????# ?????????????????????????? | | ?????????????????# ?????????????????????????? | | ?????????????????# ????? #??????????????????? | | ?????????????????# """"? #??????????????????? | | ?????????????????# """""" #??????????????????? | | ?????????????????# """""" #??????????????##### | | ?????????????????# """""" #??????????????# | | ?????????????????# """""" #??????????????# | | ????????????????## #??????????????# " | | ????????????????#; #??????????????# "" | | ????############## #??????????????# "" | | ????# # @ #??????????????# "" | | ????# #+##+######+####????????????# "" | | ????# "" # #????????????# "" | | ????# """" # #????????????# " | | ????# """" # #????????????# " | | ????# """" ! " +????????????# | | ????# """" # #????????????# | | ????# """" # #????????????##### | | ????# "" # #????????????????? | | ????# " ######## #????????????????? | | ????# #??????# #????????????????? | | ????# #??????# #????????????????? | | ????##############??????# #????????????????? | | ????????????????????????# #????????????????? | | ????????????????????????# #????????????##??? | | ????????????????????????# #############"#### | | ????????????????????????# ]! | | ????????????????????????# !! | | ????????????????????????# ! | | ????????????????????????# | | ????????????????????????# | | ????????????????????????# !! *%= | | ????????????????????????# ! = | | ????????????????????????# ####### ! | | ????????????????????????# ??????# | +----------------------------------------------------+ Best States ------------- Heat Dissipation 52 Energy Generation 25 Energy Capacity 340 Matter Stores 300 Matter Capacity 300 Sight Range 16 Robot Scan Range 16 Terrain Scan Range 20 Terrain Scan Density 10 ECM Strength 1 Additional Mass Support 9 Corruption Block 13 Armor Coverage 600 Core Shielding 30 Phase Shifting 5 Evasion (%) 63 Targeting Accuracy 52 Target Analysis 6 Core Analysis 8 Recoil Reduction 4 Offensive Hacking 38 Defensive Hacking 12 Item Schematics ----------------- None Robot Schematics ------------------ None Fabricated ------------ Nothing Alien Tech Used ----------------- None Achievements -------------- All-out Warlord Hunted Perfect Aim Challenges ------------ None Game ------ Seed MakeshiftCorruptionShovel Manual? 0 Play Time 01:47:29 Cumulative 67.8 hours Start 2024.10.11 @ 20:37:46 End 2024.10.12 @ 16:11:24 Sessions 3 Manual Loads 0 Difficulty Rogue Special Mode None Game No. 77 Rogue 77 Adventurer 0 Explorer 0 Win Type - Total 0 Types 0/0/0/0/0/0/0/0/0 Lore% 46 Gallery% 41 Achievement% 35 Wizard Run 0 Options --------- Layout 1 ASCII 0 Keyboard 1 Movement Numpad Keybinds 0 Fullscreen 1 Font 24/Smallcaps Map View 50x35 Zoom Use 0% Tactical HUD 0 Map Filters NONE Filters NONE Steam 1 RUN: b25df2fc-f3d3-4d3b-9759-e714eda647f1